 Dungeon Crawl Stone Soup version 0.32-a0-699-g1ee5eff69a (webtiles) character file.

Game seed: 10096545561199544216

35 Esekla the Sneak (level 3, 26/26 HPs)
             Began as an Octopode Delver on Mar 13, 2024.
             Quit the game on level 5 of the Dungeon.
             The game lasted 00:04:25 (480 turns).

Esekla the Sneak (Octopode Delver)                   Turns: 480, Time: 00:04:25

Health: 26/26      AC:  1    Str: 11    XL:     3   Next: 33%
Magic:  3/3        EV: 12    Int: 14    God:
Gold:   31         SH:  0    Dex: 13    Spells: 2/2 levels left

rFire   . . .        a - +0 falchion
rCold   . . .        (no shield)
rNeg    . . .        (helmet restricted)
rPois   .            (no amulet)
rElec   .            (no ring)
rCorr   .            (no ring)
SInv    .            (no ring)
Will    .....        (no ring)
Stlth   ++++         (no ring)
HPRegen 0.24/turn    (no ring)
MPRegen 0.08/turn    (no ring)
                     (no ring)

%: no passive effects
@: no status effects
A: almost no armour, amphibious, 8 rings, camouflage 1, gelatinous body 1,
(nimble swimmer 1), tentacles
a: no special abilities


You were on level 5 of the Dungeon.
You visited 1 branch of the dungeon, and saw 1 of its levels.

You collected 31 gold pieces.

Inventory:

Hand Weapons
 a - a +0 falchion (weapon)
 h - a +0 spear
Wands
 f - a wand of digging (2)
Scrolls
 b - a scroll of fog
 i - a scroll of vulnerability {unknown}
 j - 2 scrolls of identify {unknown}
Potions
 c - a potion of resistance {unknown}
 d - 2 potions of lignification {unknown}
 e - a potion of haste
 g - a potion of might {unknown}


   Skills:
 * Level 3.2 Fighting
 + Level 2.1 Long Blades
 * Level 2.2 Dodging
 + Level 7.4 Stealth
 * Level 0.4 Spellcasting


You had 2 spell levels left.
You didn't know any spells.
Your spell library was empty.

Dungeon Overview and Level Annotations

Branches:
Dungeon (5/15)
 Temple: D:4-7

Altars:
Nemelex Xobeh
Wu Jian
Zin
The Shining One

Shops:
D:5 [?:?


Innate Abilities, Weirdness & Mutations

You cannot wear most types of armour.
You are amphibious.
You can wear up to eight rings at the same time.
Your skin changes colour to match your surroundings (Stealth+).
Your rubbery body absorbs attacks. (AC +1, EV +1)
((You are camouflaged when in or above water. (Stealth+)))
You have tentacles for arms and can constrict up to eight enemies at once.


Message History

You hit the gnoll. You squeeze the gnoll.
You kill the gnoll!
You constrict the gnoll. The gnoll barely misses you.
You have reached level 3!
Your experience leads to an increase in your attributes!
Increase (S)trength, (I)ntelligence, or (D)exterity?
You feel clever. x2
You hit the gnoll. You squeeze the gnoll.
You kill the gnoll!
Things that are here:
a +0 club; a gnoll corpse
Things that are here:
a +0 spear; a gnoll corpse
h - a +0 spear You start resting.
An orc is nearby!
Things that are here:
a +0 club; a gnoll corpse You start resting.
HP restored.
There is an open door here.
Found 5 gold pieces.
You now have enough gold to buy a scroll of identify on this level, or buy a scroll of teleportation on this level.
You can access your shopping list by pressing '$'.
You now have 31 gold pieces (gained 5).
An ice beast comes into view.
A gnoll comes into view. It is wielding a +0 club.
Found a maw talisman.
Found a scroll labelled ZUOZUQ HIOHERR.
i - a scroll labelled ZUOZUQ HIOHERR You open the door.
Found 2 scrolls labelled JOYTHO DAPN.
Found a glowing silver altar of Zin.
There is an open door here.
Aiming: Dig
Press: ? - help, Shift-Dir - straight line The damaged grate falls apart.
There is a glowing silver altar of Zin here.
j - a scroll labelled JOYTHO DAPN
j - 2 scrolls labelled JOYTHO DAPN (gained 1) Are you sure you want to abandon this character and quit the game? (Confirm with "yes".)

##################*****
#......##.........,,,,*
#.####.#...####******,* #.#
#......%.....***,,
#####.####'##########.*,,,,
##....###.....# *,,,,,,,,***
##...### #.._..# *,,,,*,***
####.###.#* #.....# ****,*,*
#....# *..# ###@### *,,,,*
#.##.#**.## #...# *,,*******
#.###..,##***#...#*****,,*,,,,,#
#.# *#.#* *,*#####*,*,,,,,,,,,,,
#.# *.# *,* *****,,,,,,,,,,,,*
#.####.##**,***,,,,**,*,,*,,,,,#
#...........g,,....,,,*,,*,,,,,#
#..###.###..#*#......,,,,***,**#
#..# #.# #..##..g..%.,*,** #.###


There were no monsters in sight!

Vanquished Creatures
  2 gnolls (D:5)
  An adder (D:5)
  A ribbon worm (D:5)
  An orc (D:5)
5 creatures vanquished.

Notes
Turn   | Place    | Note
-------+----------+-------------------------------------------
     0 | D:5      | Esekla the Octopode Delver began the quest for the Orb.
     0 | D:5      | Reached XP level 1. HP: 16/16 MP: 1/1
     5 | D:5      | Noticed a water moccasin
    23 | D:5      | Noticed a jelly
    27 | D:5      | Found a glowing golden altar of the Shining One.
    97 | D:5      | Found Eguryjewn's Magic Scroll Shop.
   109 | D:5      | Reached skill level 7 in Stealth
   109 | D:5      | Reached XP level 2. HP: 15/21 MP: 2/2
   216 | D:5      | Found Rykores's Magic Scroll Shop.
   216 | D:5      | Found Cegelad's Antique Armour Shop.
   218 | D:5      | Found Kacol's Book Shop.
   284 | D:5      | Found a sparkling altar of Nemelex Xobeh.
   341 | D:5      | Found an ornate altar of the Wu Jian Council.
   357 | D:5      | Reached XP level 3. HP: 12/26 MP: 3/3
   431 | D:5      | Noticed an ice beast
   467 | D:5      | Found a glowing silver altar of Zin.
   480 | D:5      | Quit the game

Illustrated notes

Levels and vault maps discovered:
D:5:      layout_loops_ring, mainiacjoe_overflow_tiny_flanked, zin_scriptorium,
          nicolae_wu_jian_immortal_techniques, marbit_many_paths,
          minmay_shop_grid_forest

Skill      XL: |  1 |
---------------+----+-----
Stealth        | 7 |  7.4
Fighting       | |  3.2
Long Blades    | |  2.1
Dodging        | |  2.2
Spellcasting   | |  0.4

Action                     || total
---------------------------++-------
  Melee: Falchion          ||    13
         Constrict         ||     5
         Tentacles         ||     5
  Evoke: Wand              ||     1
    Use: Scroll            ||     2
 Armour: Skin              ||     9
  Dodge: Dodged            ||    12

Table legend: (Time is in decaauts)
 A = Elapsed time spent in this place.
 B = Non-inter-level travel time spent in this place.
 C = Inter-level travel time spent in this place.
 D = Time resting spent in this place.
 E = Time spent auto-exploring this place.
 F = Levels seen in this place.
 G = Mean time per level.
                   A        B        C        D        E       F      G
               +--------+--------+--------+--------+--------+-----+--------+
         Total |    482 |    482 |      0 |    103 |      0 |   1 |  482.0 |
       Dungeon |    482 |    482 |      0 |    103 |      0 |   1 |  482.0 |
               +--------+--------+--------+--------+--------+-----+--------+

Top non-repeatable levels by time:
     D:5: 482 daAuts
